 Dungeon Crawl Stone Soup version 0.24.0-35-gdb84b6a5db (webtiles) character file.

Game seed: 14462351821744604269, levelgen mode: deterministic

63 Emblim88 the Grave Robber (level 3, -1/30 HPs)
             Began as a Deep Dwarf Necromancer on Nov 20, 2019.
             Slain by an orc
             ... wielding a +0 morningstar
              (9 damage)
             ... on level 3 of the Dungeon.
             The game lasted 00:05:07 (1740 turns).

Emblim88 the Grave Robber (Deep Dwarf Necromancer)  Turns: 1740, Time: 00:05:07

Health: -1/30      AC:  7    Str: 11    XL:     3   Next: 87%
Magic:  4/5        EV: 11    Int: 16    God:
Gold:   94         SH:  0    Dex: 13    Spells: 2/6 levels left

rFire    . . .     SeeInvis .   g - +0 short sword
rCold    . . .     Gourm    .   (no shield)
rNeg     . . .     Faith    .   h - +0 ring mail
rPois    .         Spirit   .   b - +0 helmet
rElec    .         Reflect  .   q - +0 cloak
rCorr    +         Harm     .   (no gloves)
MR       .....                  (no boots)
Stlth    ++........             (no amulet)
HPRegen  0.00/turn              i - ring of resist corrosion
MPRegen  0.09/turn              (no ring)

@: non-regenerating
A: damage resistance, heal wounds, sense surroundings 1, no regeneration
a: Heal Wounds


You were on level 3 of the Dungeon.
You were not hungry.

You visited 1 branch of the dungeon, and saw 3 of its levels.

You collected 94 gold pieces.

Inventory:

Hand Weapons
 d - a +0 hunting sling
 g - a +0 short sword (weapon)
Missiles
 m - 2 throwing nets (quivered)
Armour
 a - a +0 robe
 b - a +0 helmet (worn)
 h - a +0 ring mail (worn)
 q - a +0 cloak (worn)
Jewellery
 i - a ring of resist corrosion (left hand)
Scrolls
 f - 4 scrolls of identify {unknown}
 l - 3 scrolls of enchant armour {unknown}
 n - a scroll of random uselessness {unknown}
 o - a scroll of remove curse {unknown}
 r - a scroll of amnesia {unknown}
Potions
 e - a potion of degeneration {unknown}
 j - a potion of haste {unknown}
 k - a potion of curing {unknown}
 p - a potion of cancellation {unknown}
 s - a potion of brilliance {unknown}
Comestibles
 c - 6 rations


   Skills:
 + Level 0.5 Fighting
 * Level 1.0 Armour
 + Level 2.9 Dodging
 - Level 3.3 Stealth
 - Level 2.2 Spellcasting
 * Level 4.8 Necromancy


You had 2 spell levels left.
You knew the following spells:

 Your Spells              Type           Power        Failure   Level  Hunger
a - Pain                  Necr           ###.         7%          1    #......
b - Vampiric Draining     Necr           ###.......   21%         3    ###....

Your spell library contained the following spells:

 Spells                   Type           Power        Failure   Level  Hunger
 Animate Skeleton         Necr           N/A          7%          1    #......
 Animate Dead             Necr           N/A          54%         4    #####..
 Regeneration             Chrm/Necr      Unusable     N/A         3    N/A

Dungeon Overview and Level Annotations

Branches:
Dungeon (3/15)

Altars:


Innate Abilities, Weirdness & Mutations

You are resistant to damage.
You can heal yourself by infusing magical energy.
You passively map a small area around you.
You do not regenerate.


Message History

The leopard gecko is heavily wounded.
The leopard gecko bites you. The leopard gecko misses you.
You closely miss the leopard gecko.
The leopard gecko is heavily wounded.
The leopard gecko bites you.
You miss the leopard gecko.
The leopard gecko is heavily wounded.
The leopard gecko closely misses you.
You hit the leopard gecko.
You kill the leopard gecko!
You closely miss the orc. The orc hits you with a +0 morningstar.
You closely miss the orc. The orc hits you with a +0 morningstar!
* * * LOW HITPOINT WARNING * * *
Casting: Pain (safe; 7% risk of failure)
Confirm with . or Enter, or press ? or * to list all spells.
Aiming: Pain (safe; 7% risk of failure)
Press: ? - help, Shift-Dir - straight line, f - orc
Aim: an orc, wielding a +0 morningstar (chance to defeat MR: 87%)
The orc barely resists.
The orc hits you with a +0 morningstar!
You die...

......... , ,
........# ...
........#######.... *
o.......##.........
.o...o..##.......# **
..>.....l+.......+,
.....o..)#.......#* *
,,
*##+#####o#.......###
, #...@o{o..[........,
*#######.........# , *
#####.....# , ,, , ,
+.....###, ,,,, *
..#######.......+, ,
..#........######,
####.#........#
*....#........######
###.#..#..............


You could see an orc priest and 2 orcs.

Vanquished Creatures
  2 adders (D:2)
  A dart slug (D:1)
  A leopard gecko (D:3)
  2 giant cockroaches
  5 goblins
  5 hobgoblins
  2 jackals (D:2)
  3 kobolds
  A quokka (D:2)
  12 bats
  3 frilled lizards (D:2)
  7 rats
44 creatures vanquished.

Notes
Turn   | Place    | Note
-------+----------+-------------------------------------------
     0 | D:1      | Emblim88 the Deep Dwarf Necromancer began the quest for the
                  | Orb.
     0 | D:1      | Reached XP level 1. HP: 15/15 MP: 3/3
   138 | D:1      | You fall into a shaft and drop 1 floor!
   178 | D:2      | Reached XP level 2. HP: 14/22 MP: 4/4
  1210 | D:2      | Reached XP level 3. HP: 23/28 MP: 3/6
  1651 | D:2      | Learned a level 3 spell: Vampiric Draining
  1732 | D:3      | Reached skill level 1 in Armour
  1740 | D:3      | Slain by an orc

Levels and vault maps discovered:
D:1:      dpeg_arrival_boxes_within_box, layout_rooms
D:2:      layout_basic, first_ration
D:3:      layout_basic

Skill      XL: |  1  2  3 |
---------------+----------+-----
Spellcasting   | 2 |  2.2
Stealth        | 3 |  3.3
Armour         | 1 |  1.0
Fighting       | |  0.5
Dodging        | |  2.9
Necromancy     | |  4.8

Action                   || total
-------------------------++-------
Melee: Dagger            ||    27
       Unarmed           ||     1
       Short sword       ||   158
 Cast: Pain              ||    18
 Abil: Heal Wounds       ||     2
 Stab: Sleeping          ||     4
  Eat: Ration            ||     1
Armor: Robe              ||     7
       Ring mail         ||    80
Dodge: Dodged            ||   163
